 Dungeon Crawl Stone Soup version 0.21-a0-401-g0b6bec4 (webtiles) character file.

228 penrosetingle the Poker (level 5, -6/41 HPs)
             Began as a Demonspawn Fighter on Oct 25, 2017.
             Killed by divine providence
             ... invoked by an orc priest
              (12 damage)
             ... on level 3 of the Dungeon.
             The game lasted 00:15:50 (2210 turns).

penrosetingle the Poker (Demonspawn Fighter)        Turns: 2210, Time: 00:15:51

Health: -6/41      AC: 11    Str: 23    XL:     5   Next: 70%
Magic:  5/5        EV:  7    Int:  9    God:
Gold:   136        SH:  9    Dex: 12    Spells: 4/4 levels left

rFire    . . .     SeeInvis .   a - +0 trident
rCold    . . .     Gourm    .   c - +0 shield
rNeg     . . .     Faith    .   b - +0 scale mail
rPois    .         Spirit   .   (no helmet)
rElec    .         Reflect  .   (no cloak)
rCorr    +         Harm     .   p - +0 pair of gloves
MR       .....                  x - +0 pair of boots
Stlth    ..........             o - amulet of magic regeneration
HPRegen  0.13/turn              h - ring of flight
MPRegen  0.34/turn              m - ring of resist corrosion

@: mighty
A: iridescent scales 1, spiny 2
a: Evoke Flight


You were on level 3 of the Dungeon.
You were not hungry.

You visited 1 branch of the dungeon, and saw 3 of its levels.

You collected 136 gold pieces.

Inventory:

Hand Weapons
 a - a +0 trident (weapon)
 l - a +0 arbalest
 t - a +0 dagger
Missiles
 e - 70 bolts
Armour
 b - a +0 scale mail (worn)
 c - a +0 shield (worn)
 p - a +0 pair of gloves (worn)
 x - a +0 pair of boots (worn)
Jewellery
 h - a ring of flight (left hand)
 m - a ring of resist corrosion (right hand)
 o - an amulet of magic regeneration (around neck)
Scrolls
 j - 2 scrolls of enchant weapon {unknown}
 k - 2 scrolls of teleportation
 r - a scroll of fog {unknown}
 s - 2 scrolls of fear {unknown}
 v - a scroll of amnesia {unknown}
 w - a scroll of remove curse {unknown}
 y - a scroll of magic mapping {unknown}
Potions
 d - a potion of might
 g - a potion of cancellation {unknown}
 i - a potion of haste {unknown}
 n - a potion of mutation {unknown}
 q - 3 potions of curing {unknown}
Comestibles
 f - 3 bread rations
 u - 12 chunks of flesh


   Skills:
 + Level 3.6 Fighting
 + Level 4.1 Polearms
 + Level 3.4 Armour
 + Level 0.8 Dodging
 + Level 0.2 Stealth
 + Level 3.2 Shields


You had 4 spell levels left.
You didn't know any spells.

Dungeon Overview and Level Annotations

Branches:
Dungeon (3/15)

Altars:
Nemelex Xobeh


Innate Abilities, Weirdness & Mutations

You are partially covered in iridescent scales. (AC +2)
You are mostly covered in sharp spines.


Message History

Beogh smites you! The kobold barely misses you.
You hear a shout!
A quokka and an orc wizard come into view.
The orc wizard shouts!
You impale the kobold!!
You kill the kobold!
You hear a shout!
An orc comes into view.
You barely miss the orc priest.
The orc shouts!
You hear a shout!
The orc priest invokes the aid of Beogh against you.
Beogh smites you!
* * * LOW HITPOINT WARNING * * *
You see here a stone.
You see here a stone.
You block the orc priest's attack.
You see here 22 arrows.
The orc priest invokes the aid of Beogh against you.
Beogh smites you!
You die...

#.# #.# #...# #####.....
#.# #.# #o# ##.........
#.# #.# #.# #........##
#.# #.# #o# #..####### #.#
#.# #r# #..# #.## #.###
#(# #..# ...# #.#.## #r#
#..#
#..########..<.###o####..#
#...............@(.......#
#.####.#####...###########
#......# ##.## ########
###


You could see an orc priest.

Vanquished Creatures
  An orc priest (D:3)
  3 orc wizards (D:3)
  3 adders (D:2)
  A dart slug (D:3)
  A worm (D:3)
  A leopard gecko (D:1)
  9 orcs (D:3)
  3 giant cockroaches
  13 goblins
  8 hobgoblins
  4 jackals (D:2)
  A quokka (D:3)
  A ball python (D:3)
  8 bats
  3 frilled lizards
  5 kobolds
  9 rats
74 creatures vanquished.

Notes
Turn   | Place    | Note
-------+----------+-------------------------------------------
     0 | D:1      | penrosetingle the Demonspawn Fighter began the quest for the Orb.
     0 | D:1      | Reached XP level 1. HP: 18/18 MP: 1/1
   221 | D:1      | Reached skill level 2 in Polearms
   268 | D:1      | Gained mutation: You are partially covered in iridescent scales. (AC +2) [demonic ancestry]
   268 | D:1      | Reached XP level 2. HP: 24/24 MP: 2/2
   890 | D:2      | Gained mutation: You are partially covered in sharp spines. [demonic ancestry]
   890 | D:2      | Reached XP level 3. HP: 28/29 MP: 3/3
   905 | D:2      | Found a sparkling altar of Nemelex Xobeh.
  1182 | D:2      | Reached skill level 3 in Polearms
  1235 | D:2      | Gained mutation: You are mostly covered in sharp spines. [demonic ancestry]
  1235 | D:2      | Reached XP level 4. HP: 35/35 MP: 4/4
  1952 | D:3      | Reached XP level 5. HP: 25/41 MP: 5/5
  2085 | D:3      | Reached skill level 4 in Polearms
  2210 | D:3      | Killed from afar by an orc priest

Vault maps used:
D:1:      dpeg_arrival_windows_large_door
D:2:      nemelex_xobeh_ov_fountains_minmay, serial_forest,
          infiniplex_forest_pool, infiniplex_forest_lined_room_,
          infiniplex_forest_clump_C, infiniplex_forest_clump_double,
          infiniplex_forest_corner_1, infiniplex_forest_end_2,
          infiniplex_forest_clump_cross, minmay_goblin_outpost
D:3:      first_bread, nicolae_ru_path_of_blood

Skill      XL: |  1  2  3  4  5 |
---------------+----------------+-----
Polearms       | 2 3 4 |  4.1
Shields        | 3 |  3.2
Armour         | 3 |  3.4
Fighting       | |  3.6
Dodging        | |  0.8
Stealth        | |  0.2

Action                   |  1- 3 |  4- 6 || total
-------------------------+-------+-------++-------
Melee: Trident           |   109 |    81 ||   190
  Use: Scroll            |     1 |       ||     1
       Potion            |       |     1 ||     1
  Eat: Chunk             |     1 |     1 ||     2
       Meat ration       |       |     1 ||     1
Armor: Scale mail        |    52 |    20 ||    72
Dodge: Dodged            |    19 |    11 ||    30
Block: Shield            |    43 |    19 ||    62

Table legend:
 A = Spawn XP
 B = Non-spawn XP
 C = Spawn XP percentage of total XP
 D = Spawn monster count
 E = Non-spawn monster count
 F = Spawn count percentage of total count
 G = Total turns spent on level
                    A         B        C        D         E        F      G
               +---------+---------+-------+---------+---------+-------+---------
         Total |       0 |     326 |   0.0 |       0 |      74 |   0.0 |  2210
               +---------+---------+-------+---------+---------+-------+---------
           D:1 |       0 |      27 |   0.0 |       0 |      18 |   0.0 |   640
           D:2 |       0 |      73 |   0.0 |       0 |      22 |   0.0 |  1008
           D:3 |       0 |     226 |   0.0 |       0 |      34 |   0.0 |   562
               +---------+---------+-------+---------+---------+-------+---------
